 Dungeon Crawl Stone Soup version 0.21.1-1-g345015f (webtiles) character file.

385 kaesh the Ruffian (level 6, -8/61 HPs)
             Began as a Troll Fighter on Mar 10, 2018.
             Mangled by Duvessa
             ... wielding a +0 rapier
              (14 damage)
             ... on level 4 of the Dungeon.
             The game lasted 00:07:51 (2608 turns).

kaesh the Ruffian (Troll Fighter)                   Turns: 2608, Time: 00:07:52

Health: -8/61      AC:  5    Str: 32    XL:     6   Next: 48%
Magic:  5/5        EV:  9    Int:  4    God:
Gold:   229        SH: 11    Dex:  9    Spells: 5/5 levels left

rFire    . . .     SeeInvis .     - Unarmed
rCold    . . .     Gourm    +   b - +1 shield
rNeg     . . .     Faith    .   a - +0 robe
rPois    .         Spirit   .   (helmet restricted)
rElec    .         Reflect  .   (no cloak)
rCorr    .         Harm     .   (gloves unavailable)
MR       .....                  (boots unavailable)
Stlth    +.........             k - amulet of magic regeneration
HPRegen  0.60/turn              (no ring)
MPRegen  0.34/turn              (no ring)

@: mighty, glowing
A: large, unfitting armour, claws 3, fast metabolism 3, gourmand, regeneration
1, shaggy fur 1, tough skin 2
a: no special abilities


You were on level 4 of the Dungeon.
You were very full.

You visited 1 branch of the dungeon, and saw 4 of its levels.

You collected 229 gold pieces.

Inventory:

Hand Weapons
 m - the +10 dagger "Hydra's Death" {pierce, Int+5}
   (You found it on level 4 of the Dungeon)

   It inflicts extra damage upon your enemies.
   It affects your intelligence (+5).
Armour
 a - a +0 robe (worn)
 b - a +1 shield (worn)
Jewellery
 k - an amulet of magic regeneration (around neck)
Scrolls
 e - 4 scrolls of remove curse
 g - 3 scrolls of identify
 j - a scroll of enchant armour
Potions
 f - a potion of resistance
 h - a potion of curing
Comestibles
 d - 11 rations
 i - a chunk of flesh


   Skills:
 + Level 3.0 Fighting
 + Level 3.4 Dodging
 + Level 0.9 Stealth
 + Level 3.6 Shields
 + Level 4.4 Unarmed Combat


You had 5 spell levels left.
You didn't know any spells.

Dungeon Overview and Level Annotations

Branches:
Dungeon (4/15)
 Temple: D:4-7

Altars:
Ashenzari
Nemelex Xobeh
Uskayaw
Xom

Annotations:
D:4 Duvessa, Natasha


Innate Abilities, Weirdness & Mutations

You are too large for most types of armour.
You have claws for hands.
Your metabolism is lightning-fast.
You like to eat raw meat.
Your natural rate of healing is unusually fast.
You are covered in fur. (AC +1)
You have very tough skin. (AC +2)


Message History

You closely miss Dowan.
Dowan is almost dead.
Natasha completely misses you. Duvessa barely misses you.
You block Dowan's attack.
You claw Dowan!
You kill Dowan!
Duvessa screams, "No!
How DARE you!"
Duvessa goes berserk!
You block Duvessa's attack. Natasha claws you!
You feel very mighty all of a sudden. Duvessa hits you with a rapier!
* * * LOW HITPOINT WARNING * * *
Natasha claws you but does no damage. You block Duvessa's attack.
You barely miss Duvessa.
Duvessa is moderately wounded.
You block Duvessa's attack. Natasha claws you.
* * * LOW HITPOINT WARNING * * *
You claw Duvessa!
Duvessa is heavily wounded.
Duvessa hits you with a rapier!
You die...

*****,,*,,,,,*********,*,,*,#..#.
,,,,,,,*,................*,,..*#.
,,,,,,,,,.............#...,,.**#.
,,,,,,,>,,......>.....#...,#####.
,,,,,,*,,,,...<.../.......##.....
,,,,,,*,*,,*#.........#*#.#....#.
,,,,,,*,*(###.........###.....##.
,,**,**,........e)....##.....###.
,***,***...**#..@h#####.....## ##
,**,,***<..###..........#..## *
,**,,,,,................##.#####*
,,,,****.......$.##..^^.##†....#,
*****,,,.........#..^_^..#.....#.
****.........#...^^..........
*................##.......
*******...#.........#####.....#.
*,,,,,,.,,#.....##### #######*


You could see Duvessa (berserk) and Natasha.

Vanquished Creatures
  A scorpion (D:4)
  Dowan (D:4)
  A water moccasin skeleton (D:4)
  Jessica (D:2)
  A worker ant (D:4)
  A hound skeleton (D:4)
  3 gnolls (D:4)
  6 adders
  3 worms (D:2)
  3 dart slugs
  A leopard gecko (D:2)
  An orc (D:3)
  4 bats
  3 giant cockroaches
  13 goblins
  6 hobgoblins
  11 jackals
  5 kobolds
  A quokka (D:2)
  5 frilled lizards
  12 rats
83 creatures vanquished.

Notes
Turn   | Place    | Note
-------+----------+-------------------------------------------
     0 | D:1      | kaesh the Troll Fighter began the quest for the Orb.
     0 | D:1      | Reached XP level 1. HP: 22/22 MP: 0/0
   112 | D:1      | Reached XP level 2. HP: 27/29 MP: 1/1
   667 | D:2      | Noticed Jessica
   671 | D:2      | Reached XP level 3. HP: 36/36 MP: 2/2
   678 | D:2      | Killed Jessica
   719 | D:2      | Found a sparkling altar of Nemelex Xobeh.
   727 | D:2      | Reached XP level 4. HP: 44/44 MP: 3/3
   742 | D:2      | Noticed a dagger
   744 | D:2      | Noticed a dagger
   749 | D:2      | Found a hide-covered altar of Uskayaw.
  1099 | D:2      | Reached skill level 3 in Unarmed Combat
  1701 | D:3      | Reached XP level 5. HP: 46/52 MP: 4/4
  1805 | D:3      | Found a sparkling altar of Nemelex Xobeh.
  2217 | D:4      | Found a shattered altar of Ashenzari.
  2244 | D:4      | Reached skill level 4 in Unarmed Combat
  2314 | D:4      | Reached XP level 6. HP: 61/61 MP: 5/5
  2495 | D:4      | Got a steaming dagger
  2496 | D:4      | Identified the +10 dagger "Hydra's Death" {pierce, Int+5} (You found it on level 4 of the Dungeon)
  2572 | D:4      | Found a shimmering altar of Xom.
  2586 | D:4      | Noticed Duvessa
  2588 | D:4      | Noticed Dowan
  2589 | D:4      | Noticed Natasha
  2605 | D:4      | Killed Dowan
  2608 | D:4      | Mangled by Duvessa

Skill      XL: |  1  2  3  4  5 |
---------------+----------------+-----
Shields        | 3 |  3.6
Dodging        | 3 |  3.4
Unarmed Combat | 3 4 |  4.4
Fighting       | 3 |  3.0
Stealth        | |  0.9

Action                   |  1- 3 |  4- 6 || total
-------------------------+-------+-------++-------
Melee: Unarmed           |    80 |   185 ||   265
  Use: Scroll            |     3 |     6 ||     9
       Potion            |       |     6 ||     6
 Stab: Sleeping          |       |     5 ||     5
  Eat: Chunk             |    12 |    17 ||    29
Armor: Robe              |    21 |    56 ||    77
Dodge: Dodged            |    17 |    47 ||    64
Block: Shield            |    21 |   103 ||   124
